 Dungeon Crawl Stone Soup version 0.28.0-1-gb440e238dd (webtiles) character file.

Game seed: 4403996803078756490

206 issech the Cudgeller (level 5, 0/53 HPs)
             Began as a Troll Monk on Feb 25, 2022.
             Succumbed to a kobold brigand's curare-tipped dart
             ... on level 4 of the Dungeon.
             The game lasted 00:05:22 (1430 turns).

issech the Cudgeller (Troll Monk)                   Turns: 1430, Time: 00:05:22

Health: 0/53       AC:  4    Str: 19    XL:     5   Next: 53%
Magic:  13/13      EV: 11    Int:  6    God:
Gold:   128        SH:  0    Dex: 14    Spells: 4/4 levels left

rFire   . . .      SeeInvis .   a - +0 mace
rCold   . . .      Faith    .   (no shield)
rNeg    . . .      Spirit   .   b - +0 robe
rPois   .          Reflect  .   (helmet restricted)
rElec   .          Harm     .   (no cloak)
rCorr   .          Rampage  .   (gloves unavailable)
Will    .....                   (boots unavailable)
Stlth   ++........              (no amulet)
HPRegen 0.97/turn               e - ring of magical power
MPRegen 0.13/turn               (no ring)

@: lethally poisoned (0 -> -1), slowed, very slow
A: large, unfitting armour, claws 3, regeneration 1, shaggy fur 1, tough skin 1
a: no special abilities


You were on level 4 of the Dungeon.
You visited 1 branch of the dungeon, and saw 3 of its levels.

You collected 128 gold pieces.

Inventory:

Hand Weapons
 a - a +0 mace (weapon)
Missiles
 d - 23 stones (quivered)
 j - 2 poisoned darts
Armour
 b - a +0 robe (worn)
Jewellery
 e - a ring of magical power (left claw)
Wands
 l - a wand of iceblast (4)
Scrolls
 c - a scroll of teleportation {unknown}
 f - a scroll of fear {unknown}
 g - a scroll of identify {unknown}
 k - a scroll of vulnerability {unknown}
Potions
 h - a potion of heal wounds {unknown}
 i - a potion of flight {unknown}


   Skills:
 + Level 3.4 Fighting
 + Level 4.2 Maces & Flails
 + Level 3.3 Dodging
 + Level 1.1 Stealth


You had 4 spell levels left.
You didn't know any spells.
Your spell library was empty.

Dungeon Overview and Level Annotations

Branches:
Dungeon (2/15)

Altars:

Annotations:
D:2 Terence


Innate Abilities, Weirdness & Mutations

You are too large for most types of armour.
You have claws for hands.
Your natural rate of healing is unusually fast.
You are covered in fur. (AC +1)
You have tough skin. (AC +1)


Message History

The adder bites you but does no damage. The adder bites you.
You sock the adder!
You kill the adder!
The yak gores you. The yak closely misses you.
You feel yourself speed up.
Things that are here:
a +0 club; a goblin corpse The kobold brigand throws a curare-tipped dart.
The curare-tipped dart barely misses you.
The yak snorts and paws the ground.
The kobold brigand throws a curare-tipped dart.
The curare-tipped dart closely misses you.
Unknown command.
Unknown command.
The kobold brigand throws a curare-tipped dart.
The curare-tipped dart hits you.
You are poisoned.
You have difficulty breathing.
You feel yourself slow down.
You feel very sick.
You feel very sick.
You feel sick. The yak gores you but does no damage.
You feel sick.
You feel sick. The yak gores you but does no damage.
You feel sick.
You are no longer poisoned.
The yak barely misses you.
The kobold brigand throws a curare-tipped dart.
The curare-tipped dart hits you.
You are poisoned.
You have difficulty breathing.
You feel as though you will be slow longer.
You feel very sick. The yak gores you!
You feel very sick.
You feel sick. The yak gores you!
* * * LOW HITPOINT WARNING * * *
The kobold brigand hits you with a +0 club.
* * * LOW HITPOINT WARNING * * *
You die...

......... .........
......... .. ........#
##.## ........# ......
......#.###......
.(........#.....
....###.#.#..# . . #.#@..#
.. ... ....#####.#...#
..#..#### ..........#YK##
#....... ..######..#g.#
#.....# #..#..+ #.....#
#....#########....#
#.#####...#(......#....#
#.........#[......†l...###
..........#(......#.#.....


You could see a yak, a kobold brigand and a hobgoblin.

Vanquished Creatures
  A necrophage (D:4)
  A scorpion (D:4)
  An adder (D:4)
  A dart slug (D:2)
  A ball python (D:1)
  4 bats
  An endoplasm (D:1)
  5 giant cockroaches
  6 goblins
  4 hobgoblins
  2 jackals (D:2)
  4 kobolds
  2 quokkas (D:1)
  2 rats
35 creatures vanquished.

Notes
Turn   | Place    | Note
-------+----------+-------------------------------------------
     0 | D:1      | issech the Troll Monk began the quest for the Orb.
     0 | D:1      | Reached XP level 1. HP: 22/22 MP: 0/0
   113 | D:1      | Reached XP level 2. HP: 28/29 MP: 1/1
   791 | D:2      | Reached XP level 3. HP: 35/36 MP: 2/2
   843 | D:2      | Noticed Terence
   897 | D:2      | Reached skill level 3 in Maces & Flails
  1074 | D:2      | You fall into a shaft and drop 2 floors!
  1188 | D:4      | Noticed a scorpion
  1268 | D:4      | Killed a scorpion
  1269 | D:4      | Reached XP level 4. HP: 37/45 MP: 3/3
  1351 | D:4      | Noticed a necrophage
  1366 | D:4      | Killed a necrophage
  1367 | D:4      | Reached skill level 4 in Maces & Flails
  1367 | D:4      | Reached XP level 5. HP: 44/53 MP: 4/4
  1384 | D:4      | Noticed a yak
  1429 | D:4      | HP: 1/53 [kobold brigand (4)]
  1430 | D:4      | Succumbed to a kobold brigand's curare-tipped dart

Illustrated notes

Levels and vault maps discovered:
D:1:      roderic_dead_forest, layout_rooms
D:2:      layout_basic, dk_vineyard_2, hangedman_abyss_or_decor_stabs,
          kennysheep_generic_room_2, uniq_robin, uniq_terence
D:4:      layout_basic, serial_shops, nicolae_diamond_shop,
          minmay_divided_ellipse

Skill      XL: |  1  2  3  4 |
---------------+-------------+-----
Maces & Flails | 3 4 |  4.2
Fighting       | 3 |  3.4
Dodging        | 3 |  3.3
Stealth        | |  1.1

Action                   |  1- 3 |  4- 6 || total
-------------------------+-------+-------++-------
Melee: Mace              |    90 |    18 ||   108
       Punch             |     4 |       ||     4
Armor: Robe              |    42 |     8 ||    50
Dodge: Dodged            |    94 |    12 ||   106
